[Event "Titled Tuesday Blitz October 11 Early 2022"]
[White "Pinheiro, Iung Alicio de O."]
[Black "Antonio, Jorge Carlos"]
[WhiteFideId "2104350"]
[BlackFideId "113190"]
[WhiteElo "2283"]
[BlackElo "2247"]
[Result "1-0"]
[Round "11"]
[TimeControl "180+1"]
[Date "2022.10.12"]
[WhiteClock "0:00:10"]
[BlackClock "0:00:02"]

1. e4 c5 2. Nf3 e6 3. d3 Nc6 4. g3 g6 5. Bg5 f6 6. Bd2 Bg7 7. Bg2 Nge7 8. h4 h6 9. Be3 b6 10. O-O e5 11. c3 d5 12. exd5 Nxd5 13. Bc1 O-O 14. Nbd2 Bb7 15. a4 Qc7 16. Ng5 Qd7 17. Ngf3 f5 18. Nc4 Rad8 19. Re1 Qc7 20. Qb3 f4 21. Kh2 Kh7 22. a5 fxg3+ 23. fxg3 Nf6 24. axb6 axb6 25. Qxb6 Ng4+ 26. Kg1 Qxb6 27. Nxb6 Rxd3 28. Nh2 Nxh2 29. Kxh2 Nd8 30. Bxb7 Nxb7 31. Ra7 Rf7 32. Kg2 Rdf3 33. Be3 h5 34. Nc4 Nd6 35. Rxf7 1-0


[Site "https://www.chess.com"]

[Event "Titled Tuesday Blitz October 11 Early 2022"]
[White "Przybylski, Wojciech"]
[Black "Barria Zuniga, Daniel"]
[WhiteFideId "1117599"]
[BlackFideId "3400816"]
[WhiteElo "2221"]
[BlackElo "2414"]
[Result "1/2-1/2"]
[Round "11"]
[TimeControl "180+1"]
[Date "2022.10.12"]
[WhiteClock "0:00:07"]
[BlackClock "0:00:05"]

1. e4 c5 2. Nf3 Nc6 3. Nc3 e6 4. Bb5 Na5 5. b3 a6 6. Be2 b5 7. O-O Bb7 8. d3 Nf6 9. Re1 Be7 10. Bb2 O-O 11. e5 Ne8 12. Ne4 Rc8 13. c4 d6 14. exd6 Nxd6 15. Ng3 Nc6 16. Rc1 Re8 17. Bf1 Bf8 18. d4 cxd4 19. c5 Nf5 20. Nxf5 exf5 21. Rxe8 Qxe8 22. Nxd4 Nxd4 23. Qxd4 Rd8 24. Qf4 Qe4 25. Qxe4 fxe4 26. c6 Bc8 27. g3 f5 28. c7 Rd2 29. Be5 Bd6 30. Bxd6 Rxd6 31. a4 bxa4 32. bxa4 Kf8 33. Rb1 Ke7 34. g4 g6 35. gxf5 gxf5 36. Bh3 Rc6 37. a5 Rxc7 38. Rb6 Rc5 39. f3 exf3 40. Kf2 Rxa5 41. Kxf3 Be6 42. Kf4 Kf6 43. Bg2 Rb5 44. Rxa6 Rb4+ 45. Ke3 Ke5 46. Ra5+ Kf6 47. Bf3 f4+ 48. Kf2 Rb2+ 49. Kg1 Bf5 50. Ra6+ Kg5 51. Ra5 Kf6 52. h4 Rb3 53. Kf2 Rb2+ 54. Kg1 Rb3 55. Kf2 Re3 56. Ra6+ Re6 57. Ra8 Ke5 58. Ra5+ Kf6 59. Ra4 Ke5 60. Ra5+ Kf6 61. Rb5 Be4 62. Be2 Bf5 63. Bf3 Re3 64. Rb4 Ke5 65. Rb5+ Kf6 66. Rb6+ Ke5 67. Rb8 Be6 68. Rc8 Kf6 69. Rc7 Ke5 70. Rxh7 Rb3 71. Rh5+ Kd4 72. Ra5 Rb2+ 73. Kg1 Ke3 74. Bg2 Rb1+ 75. Kh2 Rb2 76. Ra3+ Bb3 77. Kg1 f3 78. Bxf3 Kxf3 79. h5 Kg3 80. Kf1 Rf2+ 81. Ke1 Rf3 82. h6 Re3+ 83. Kd2 Re7 84. Rxb3+ Kh4 85. Rb1 Kg5 86. Rh1 Rh7 87. Ke3 Rxh6 88. Rf1 Re6+ 89. Kd4 Rd6+ 90. Ke5 Rg6 91. Rg1+ Kh6 92. Rf1 Rg5+ 93. Kf6 Rh5 94. Rg1 Rh2 95. Rg8 Rf2+ 96. Ke5 Kh5 97. Rg7 Kh4 98. Ke4 Rf8 99. Rg6 Kh5 100. Rd6 Kg5 101. Ke5 Rf1 102. Rd8 Kh4 103. Rg8 Kh3 104. Ke4 Kh2 105. Ra8 Rf7 106. Ke5 Re7+ 107. Kf4 Rf7+ 108. Ke5 Rg7 109. Kf5 Rg2 110. Ra3 Kg1 111. Kf4 Rf2+ 112. Kg3 Rg2+ 113. Kf3 Rf2+ 114. Ke3 Rg2 115. Ra8 Kh2 116. Kf3 Kg1 117. Rb8 Rf2+ 118. Kg3 Rg2+ 119. Kf4 Rf2+ 120. Ke3 Rg2 121. Rf8 Kh2 122. Kf3 Rg3+ 123. Kf2 Rg2+ 124. Kf1 Rg1+ 125. Ke2 Rg2+ 126. Kf3 Rg3+ 127. Kf4 Rg2 128. Rh8+ Kg1 129. Kf3 Rf2+ 130. Ke3 Rh2 131. Rg8+ Rg2 132. Ra8 Kh2 133. Kf3 Rg3+ 134. Kf4 Rg2 135. Ra3 Rb2 136. Rc3 Rb4+ 137. Kf3 Rb8 1/2-1/2


[Site "https://www.chess.com"]

[Event "Titled Tuesday Blitz October 11 Early 2022"]
[White "Rose, Felix"]
[Black "Flis, Pawel"]
[WhiteFideId "5105722"]
[BlackFideId "1112864"]
[WhiteElo "2039"]
[BlackElo "1836"]
[Result "1-0"]
[Round "11"]
[TimeControl "180+1"]
[Date "2022.10.12"]
[WhiteClock "0:00:15"]
[BlackClock "0:00:02"]

1. d4 Nf6 2. Nf3 c5 3. d5 b5 4. a4 b4 5. Nbd2 d6 6. e4 g6 7. Bb5+ Nbd7 8. h3 Bg7 9. O-O O-O 10. Re1 a6 11. Bf1 e6 12. Nc4 exd5 13. exd5 Nb6 14. Nxb6 Qxb6 15. a5 Qc7 16. Bc4 Bd7 17. c3 bxc3 18. bxc3 Bb5 19. Qd3 Rab8 20. Bf4 Rfd8 21. Re2 Qb7 22. Bxb5 Qxb5 23. c4 Qb3 24. Qxb3 Rxb3 25. Raa2 Rc3 26. Rec2 Ne4 27. Rxc3 Nxc3 28. Rb2 h6 29. Rb6 Ne2+ 30. Kh2 Nxf4 31. Rxa6 Ne2 32. Rb6 Ra8 33. a6 Be5+ 34. g3 Nd4 35. Nd2 Kg7 36. f4 Bf6 37. Rxd6 Be7 38. Rd7 Bf8 39. a7 Nc2 40. Ne4 Nb4 41. d6 Nd3 42. g4 Nb4 43. Nxc5 Bxd6 44. Rxd6 Rxa7 45. Ne4 Rc7 46. Rd4 1-0


[Site "https://www.chess.com"]

[Event "Titled Tuesday Blitz October 11 Early 2022"]
[White "Rosh Jain"]
[Black "Schut, Han"]
[WhiteFideId "25789465"]
[BlackFideId "1005561"]
[WhiteElo "2233"]
[BlackElo "2024"]
[Result "1-0"]
[Round "11"]
[TimeControl "180+1"]
[Date "2022.10.12"]
[WhiteClock "0:02:22"]
[BlackClock "0:02:15"]

1. e4 c5 2. Nf3 d6 3. d4 cxd4 4. Nxd4 Nf6 5. Nc3 a6 6. Bc4 e6 7. Bb3 b5 8. O-O b4 9. Na4 Bd7 10. Bg5 Qa5 11. Bxf6 gxf6 12. c3 h5 13. cxb4 Qxb4 14. a3 Qb7 15. Rc1 Nc6 16. Nxc6 Bxc6 17. Nb6 Rb8 18. Rxc6 Qxc6 19. Ba4 Rxb6 20. Bxc6+ Rxc6 21. Qa4 1-0


[Site "https://www.chess.com"]

[Event "Titled Tuesday Blitz October 11 Early 2022"]
[White "Sadubayev, Airat"]
[Black "Hajiyev, Kanan"]
[WhiteFideId "13713264"]
[BlackFideId "13404148"]
[WhiteElo "2215"]
[BlackElo "2118"]
[Result "0-1"]
[Round "11"]
[TimeControl "180+1"]
[Date "2022.10.12"]
[WhiteClock "0:00:00"]
[BlackClock "0:00:04"]

1. e4 c6 2. d4 d5 3. e5 a6 4. Nf3 Bg4 5. Be2 e6 6. Nbd2 c5 7. dxc5 Bxc5 8. Nb3 Ba7 9. Nfd4 Bxe2 10. Qxe2 Nc6 11. Be3 Nge7 12. f4 Nxd4 13. Bxd4 Bxd4 14. Nxd4 Rc8 15. c3 Qb6 16. Rd1 h5 17. O-O g6 18. Kh1 Nc6 19. Qf2 Nxd4 20. Rxd4 Rc6 21. Rfd1 Rc4 22. Qe2 Rxd4 23. Rxd4 O-O 24. h3 Rc8 25. Kh2 Kg7 26. a4 Qd8 27. Rb4 Rc7 28. Qe3 Qc8 29. Qb6 Rc4 30. a5 Rxb4 31. Qxb4 Qc7 32. Kg3 g5 33. Kf3 gxf4 34. Qxf4 Qxa5 35. Qg5+ Kf8 36. Qxh5 Qb5 37. Qh6+ Ke8 38. Qd2 a5 39. h4 Qf1+ 40. Kg3 Qf5 41. Qe2 b5 42. Kh2 b4 43. cxb4 axb4 44. g4 Qf4+ 45. Kg2 Kf8 46. h5 Kg7 47. Kh3 b3 48. Kg2 d4 49. Kh3 Kh6 50. Qd3 Kg5 51. Qxb3 Qxg4+ 52. Kh2 Kxh5 53. Qd3 Qf4+ 54. Kg2 Qxe5 55. b4 f5 56. b5 Qc5 0-1


[Site "https://www.chess.com"]

[Event "Titled Tuesday Blitz October 11 Early 2022"]
[White "Samaganova, Aleksandra"]
[Black "Boraso, Alessio"]
[WhiteFideId "13800221"]
[BlackFideId "848077"]
[WhiteElo "1864"]
[BlackElo "2286"]
[Result "1-0"]
[Round "11"]
[TimeControl "180+1"]
[Date "2022.10.12"]
[WhiteClock "0:00:32"]
[BlackClock "0:00:40"]

1. c4 c5 2. Nc3 g6 3. g3 Bg7 4. Bg2 Nc6 5. e3 d6 6. Nge2 h5 7. h3 Bf5 8. e4 Bd7 9. d3 e6 10. O-O Nge7 11. f4 Nd4 12. Be3 Nec6 13. a3 h4 14. g4 f5 15. exf5 gxf5 16. g5 Qe7 17. Bf2 O-O-O 18. b4 Nb3 19. Qxb3 e5 20. Nd5 Qf7 21. bxc5 exf4 22. Rab1 Be6 23. Nexf4 Nd4 24. Bxd4 Bxd4+ 25. Kh1 Rd7 26. Nxe6 Qxe6 27. Nf4 Qf7 28. Bd5 Qg7 29. Be6 Kb8 30. Bxd7 Qxd7 31. cxd6 Re8 32. Qb5 Rd8 33. Ne6 Qxb5 34. Rxb5 Rxd6 35. Rd5 Rxe6 36. Rxd4 Re3 37. Kg2 Rg3+ 38. Kh2 Rxg5 39. Rxh4 1-0


[Site "https://www.chess.com"]

[Event "Titled Tuesday Blitz October 11 Early 2022"]
[White "Sargsyan, Anna M."]
[Black "Zemlyanskii, Ivan"]
[WhiteFideId "13308130"]
[BlackFideId "24249971"]
[WhiteElo "2284"]
[BlackElo "2107"]
[Result "0-1"]
[Round "11"]
[TimeControl "180+1"]
[Date "2022.10.11"]
[WhiteClock "0:02:08"]
[BlackClock "0:02:16"]

1. d4 Nf6 2. c4 e6 3. Nf3 d5 4. Nc3 c6 5. e3 Nbd7 6. Bd3 dxc4 7. Bxc4 b5 8. Bd3 Bb7 9. Qc2 a6 10. a4 Rc8 11. Bd2 b4 12. Ne4 c5 13. dxc5 Bxe4 14. Bxe4 Nxc5 15. Bxb4 Ncxe4 16. Qb3 Qb6 0-1


[Site "https://www.chess.com"]

[Event "Titled Tuesday Blitz October 11 Early 2022"]
[White "Saucey, Michel"]
[Black "Tania, Sachdev"]
[WhiteFideId "601845"]
[BlackFideId "5007844"]
[WhiteElo "2253"]
[BlackElo "2306"]
[Result "0-1"]
[Round "11"]
[TimeControl "180+1"]
[Date "2022.10.12"]
[WhiteClock "0:00:14"]
[BlackClock "0:00:21"]

1. d4 Nf6 2. Nf3 b6 3. g3 Bb7 4. Bg2 e6 5. c4 Be7 6. O-O O-O 7. Re1 d5 8. Ne5 Nfd7 9. Nxd7 Nxd7 10. Nc3 Nf6 11. cxd5 exd5 12. Bf4 Bd6 13. Bxd6 Qxd6 14. e3 c5 15. dxc5 bxc5 16. Rc1 Rab8 17. b3 a6 18. Na4 Rfc8 19. Qd2 Qe7 20. Qa5 c4 21. Red1 cxb3 22. axb3 Ne4 23. Nc3 Rc5 24. Qa1 Rbc8 25. Nxe4 dxe4 26. Rxc5 Qxc5 27. Qa4 Qc2 28. Qd4 h6 29. b4 Qe2 30. Bf1 Qc2 31. Bg2 Rc4 32. Qd8+ Kh7 33. Rd7 Qb1+ 34. Bf1 Rc1 35. Rxb7 Rxf1+ 36. Kg2 Rg1+ 37. Kh3 Qf1+ 38. Kg4 Qxf2 39. Qd7 Qf3+ 40. Kh3 Qh5# 0-1


[Site "https://www.chess.com"]

[Event "Titled Tuesday Blitz October 11 Early 2022"]
[White "Seletsky, Grigory"]
[Black "Heinemann, Josefine"]
[WhiteFideId "14112191"]
[BlackFideId "12900460"]
[WhiteElo "2492"]
[BlackElo "2300"]
[Result "1/2-1/2"]
[Round "11"]
[TimeControl "180+1"]
[Date "2022.10.12"]
[WhiteClock "0:00:02"]
[BlackClock "0:00:17"]

1. e4 c6 2. d4 d5 3. Nd2 dxe4 4. Nxe4 Nf6 5. Ng3 Nbd7 6. Nf3 e6 7. Bd3 Be7 8. O-O O-O 9. c4 b6 10. Qe2 Bb7 11. Bf4 c5 12. dxc5 Nxc5 13. Bc2 a5 14. Rfd1 Qc8 15. Nd4 Rd8 16. Ndf5 Rxd1+ 17. Rxd1 Bf8 18. Nd6 Bxd6 19. Rxd6 Ncd7 20. b3 Qc5 21. Qd2 Nf8 22. Be3 Qa3 23. Rxb6 Bc8 24. Bb1 a4 25. b4 N8d7 26. Rb5 Ba6 27. Ra5 Bb7 28. Rxa8+ Bxa8 29. Ne2 h6 30. Qc3 Qxc3 31. Nxc3 Ne5 32. Nxa4 Nxc4 33. Bc1 Bc6 34. Nc3 Nd5 35. Nxd5 exd5 36. Bc2 Nb6 37. Bb2 f6 38. Bd4 Na4 39. Kf1 Kf7 40. Ke1 Ke6 41. Kd2 Bb5 42. f4 Kd6 43. g4 Ke6 44. h4 Kd6 45. f5 Kd7 46. g5 hxg5 47. hxg5 Ke7 48. gxf6+ gxf6 49. Ke3 Kf7 50. Kf4 Kg7 51. Bb3 Bc6 52. b5 Bxb5 53. Bxd5 Bd7 54. Be6 Bc6 55. Ke3 Bb5 56. Kd2 Bc6 57. Kd3 Bb5+ 58. Bc4 Bd7 59. Kc2 Bxf5+ 60. Kb3 Bd7 61. Kb4 Kg6 62. Bb3 f5 63. Bxa4 Be6 64. Bb5 f4 65. Bd3+ Kg5 66. Be4 Bxa2 67. Kc5 Kg4 68. Kd6 f3 69. Bf2 Kf4 70. Bd3 Kg4 71. Kc5 Kh3 72. Kd4 Kg2 73. Ke3 Bd5 74. Bf5 Bc6 75. Bd3 Bd5 76. Bf5 Bc6 77. Bg4 Bd5 78. Bxf3+ Bxf3 1/2-1/2


[Site "https://www.chess.com"]

[Event "Titled Tuesday Blitz October 11 Early 2022"]
[White "Sernecki, Franciszek"]
[Black "Goryachkina, Aleksandra"]
[WhiteFideId "1169297"]
[BlackFideId "4147103"]
[WhiteElo "2565"]
[BlackElo "2690"]
[Result "1/2-1/2"]
[Round "11"]
[TimeControl "180+1"]
[Date "2022.10.12"]
[WhiteClock "0:00:09"]
[BlackClock "0:00:06"]

1. c4 e6 2. e4 d5 3. exd5 exd5 4. d4 Nf6 5. Nf3 Bb4+ 6. Bd2 Bxd2+ 7. Nbxd2 O-O 8. Be2 dxc4 9. Nxc4 Be6 10. O-O Nbd7 11. Nce5 Bd5 12. Bc4 c6 13. Bxd5 Nxd5 14. Qb3 N7b6 15. Rfe1 Qc7 16. Ng4 Rad8 17. Ne3 Rfe8 18. Rac1 f6 19. Nxd5 Rxe1+ 20. Rxe1 Nxd5 21. a4 Qf7 22. h3 Nb6 23. Qxf7+ Kxf7 24. a5 Nd5 25. Rc1 a6 26. Kf1 Nc7 27. Rc4 Rd5 28. b4 Ne6 29. g3 Ke7 30. Ke2 g5 31. Ke3 h5 32. Ne1 Rb5 33. Nd3 Kd6 34. Nc5 Kd5 35. Kd3 Nc7 36. Nd7 Ke6 37. Nc5+ Kd6 38. Ne4+ Ke7 39. Nc3 Rf5 40. Ke3 Nd5+ 41. Nxd5+ Rxd5 42. Rc5 Ke6 43. Ke4 f5+ 44. Ke3 Kd6 45. Rc2 Rb5 46. Rc4 Ke6 47. Kd3 Kf6 48. f4 gxf4 49. gxf4 h4 50. Kc3 Rd5 51. Rc5 Rd7 52. Re5 Rg7 53. Kd3 Rg2 54. d5 cxd5 55. Rxd5 Rg3+ 56. Ke2 Rxh3 57. Rd6+ Ke7 58. Rb6 Rb3 59. Rxb7+ Kd6 60. Kf2 Kd5 61. Re7 Rxb4 62. Re5+ Kd4 63. Rxf5 Rb3 64. Kg2 Ke4 65. Rf6 h3+ 66. Kh2 Ra3 67. Rxa6 Kxf4 68. Ra8 Kg5 69. a6 Kg6 70. Kh1 Kg7 71. Kg1 Kh7 72. Kh2 Kg7 73. Kg1 Kh7 74. Kf2 Kg7 75. Kg1 1/2-1/2


[Site "https://www.chess.com"]

[Event "Titled Tuesday Blitz October 11 Early 2022"]
[White "Shaik Sumer Arsh"]
[Black "Jiganchine, Roman"]
[WhiteFideId "45020000"]
[BlackFideId "2603667"]
[WhiteElo "2190"]
[BlackElo "2307"]
[Result "1-0"]
[Round "11"]
[TimeControl "180+1"]
[Date "2022.10.12"]
[WhiteClock "0:00:10"]
[BlackClock "0:00:27"]

1. e4 c6 2. d3 d5 3. Nd2 e5 4. Ngf3 Bd6 5. g3 Nf6 6. Bg2 O-O 7. O-O a5 8. c3 Nbd7 9. Qe2 Re8 10. Rd1 b5 11. Nf1 Ba6 12. Nh4 g6 13. Bg5 Qc7 14. Qd2 Bf8 15. Ne3 dxe4 16. dxe4 h6 17. Bxf6 Nxf6 18. Qe2 b4 19. c4 Bc5 20. Ng4 Nxg4 21. Qxg4 Bd4 22. Nf5 Bxc4 23. Nxh6+ Kh7 24. Qh3 Kg7 25. g4 Be6 26. Qh4 Qe7 27. g5 Rh8 28. Qg3 c5 29. Rac1 Raf8 30. Rxd4 exd4 31. h4 Bc8 32. f4 Rd8 33. f5 Rxh6 34. f6+ Qxf6 35. gxf6+ Kxf6 36. Qg5+ Kg7 37. Qxd8 Be6 38. Qd6 Rh5 39. e5 d3 40. Qxc5 d2 41. Rd1 Rxh4 42. Qe7 Rg4 43. Qf6+ Kg8 44. Rxd2 b3 45. Rd8+ Kh7 46. Rh8# 1-0


[Site "https://www.chess.com"]

[Event "Titled Tuesday Blitz October 11 Early 2022"]
[White "Shandrygin, Nikita"]
[Black "D`Arruda, Ricardo D."]
[WhiteFideId "24198668"]
[BlackFideId "100692"]
[WhiteElo "2323"]
[BlackElo "2429"]
[Result "1/2-1/2"]
[Round "11"]
[TimeControl "180+1"]
[Date "2022.10.12"]
[WhiteClock "0:00:06"]
[BlackClock "0:00:59"]

1. e4 c5 2. Nf3 Nc6 3. d4 cxd4 4. Nxd4 e5 5. Nb5 a6 6. Nd6+ Bxd6 7. Qxd6 Qe7 8. Qd1 Nf6 9. Nc3 d6 10. Bg5 Be6 11. Nd5 Bxd5 12. exd5 Nb8 13. Be2 h6 14. Be3 Nbd7 15. O-O O-O 16. b4 b6 17. c4 a5 18. a3 Ra7 19. Qd2 Rfa8 20. Qb2 Qd8 21. Rfb1 Qc7 22. h3 Kh7 23. bxa5 Rxa5 24. Bxb6 Nxb6 25. Qxb6 Qe7 26. Qb7 Qf8 27. Rb3 R5a7 28. Qb4 Nd7 29. Rg3 Nc5 30. Qd2 Qe7 31. Qe3 Kh8 32. Qf3 Kg8 33. Qf5 Qh4 34. Rg4 Qe7 35. h4 Rxa3 36. Rxa3 Rxa3 37. h5 Ra8 38. Kh2 Kh8 39. Bd1 Rf8 40. Bc2 e4 41. Bxe4 Nxe4 42. Rxe4 Qc7 43. Qf4 Rc8 44. g4 Qd8 45. Kg3 Kg8 46. Qf5 Ra8 47. Re3 Rc8 48. Re4 Ra8 49. Rf4 Ra7 50. f3 Re7 51. Re4 Rc7 52. Qf4 Re7 53. Qe3 Rxe4 54. Qxe4 Qc7 55. Qf4 Qc5 56. Qe4 Qg1+ 57. Kf4 Qc1+ 58. Kg3 Qg1+ 59. Kf4 Qc1+ 60. Kg3 Qg1+ 1/2-1/2


[Site "https://www.chess.com"]

[Event "Titled Tuesday Blitz October 11 Early 2022"]
[White "Shapiro, Daniel"]
[Black "Osiecki, Stanislaw"]
[WhiteFideId "2001780"]
[BlackFideId "1102990"]
[WhiteElo "2224"]
[BlackElo "2088"]
[Result "0-1"]
[Round "11"]
[TimeControl "180+1"]
[Date "2022.10.12"]
[WhiteClock "0:00:01"]
[BlackClock "0:00:02"]

1. d4 Nf6 2. c4 g6 3. Nc3 Bg7 4. e4 d6 5. Be2 O-O 6. Nf3 e5 7. O-O Nbd7 8. Be3 Ng4 9. Bg5 f6 10. Bh4 g5 11. Bg3 Nh6 12. d5 a5 13. Nd2 Nf7 14. Bg4 Nc5 15. Bxc8 Qxc8 16. Qc2 a4 17. b4 axb3 18. axb3 h5 19. f3 g4 20. b4 Nd7 21. Rxa8 Qxa8 22. Nb5 c6 23. Nc7 Qa7+ 24. Bf2 Qa3 25. Ne6 Ra8 26. Nxg7 Kxg7 27. fxg4 hxg4 28. Qd1 Nh6 29. b5 cxb5 30. cxb5 Qb4 31. Qe2 Nc5 32. Be3 Qb2 33. Bxh6+ Kxh6 34. Qxg4 Qd4+ 35. Kh1 Ra1 36. Qh4+ Kg7 37. Qxf6+ Kh7 38. Qf5+ Kg7 39. Rxa1 Qxa1+ 40. Qf1 Qd4 41. Qe2 Qa1+ 42. Qf1 Qd4 43. Qe1 Nd3 44. Qg3+ Kf7 45. Qf3+ Ke7 0-1


[Site "https://www.chess.com"]

[Event "Titled Tuesday Blitz October 11 Early 2022"]
[White "Shimanov, Aleksandr"]
[Black "Baskakov, Egor"]
[WhiteFideId "4198603"]
[BlackFideId "24197866"]
[WhiteElo "2605"]
[BlackElo "2211"]
[Result "1-0"]
[Round "11"]
[TimeControl "180+1"]
[Date "2022.10.11"]
[WhiteClock "0:00:05"]
[BlackClock "0:00:39"]

1. d4 Nf6 2. e3 e6 3. f4 d5 4. Nf3 Ne4 5. Bd3 Bd6 6. O-O O-O 7. Nbd2 f5 8. c4 c6 9. b3 Bd7 10. Bb2 Be8 11. Ne5 Nxd2 12. Qxd2 Nd7 13. b4 Nxe5 14. dxe5 Be7 15. Bd4 g5 16. a4 Qd7 17. Qc3 gxf4 18. exf4 b6 19. cxd5 Qxd5 20. Bc4 Qd7 21. Rfd1 Qc8 22. Bb3 Bf7 23. Rac1 Rd8 24. h3 Qc7 25. Kh2 Rd7 26. Be3 Rxd1 27. Rxd1 Rd8 28. Rc1 Rc8 29. Bd1 c5 30. b5 h5 31. Be2 h4 32. Bf2 Rd8 33. Bc4 Qd7 34. Qe1 Qd2 35. Qxd2 Rxd2 36. Kg1 Kf8 37. Kf1 Ke8 38. Ke1 Rd8 39. Be3 Rc8 40. Ra1 Kd7 41. a5 Bd8 42. axb6 Bxb6 43. Kf2 Rh8 44. Rd1+ Ke7 45. Rd6 Rh6 46. Rc6 Be8 47. Bxc5+ Bxc5+ 48. Rxc5 Kd8 49. Be2 Bd7 50. Rc3 Rg6 51. Ra3 Bc8 52. Rxa7 Bd7 53. b6 Rg8 54. Ra8+ 1-0


[Site "https://www.chess.com"]

[Event "Titled Tuesday Blitz October 11 Early 2022"]
[White "Shipov, Sergei"]
[Black "Ovchinnikov, Vsevolod"]
[WhiteFideId "4113624"]
[BlackFideId "24176842"]
[WhiteElo "2785"]
[BlackElo "2376"]
[Result "0-1"]
[Round "11"]
[TimeControl "180+1"]
[Date "2022.10.11"]
[WhiteClock "0:00:23"]
[BlackClock "0:00:09"]

1. d4 Nf6 2. c4 g6 3. Nc3 d5 4. Nf3 Bg7 5. cxd5 Nxd5 6. Na4 O-O 7. e4 Nb6 8. Be2 Bg4 9. Be3 Nc6 10. d5 Bxf3 11. gxf3 Ne5 12. Rc1 Ned7 13. O-O Rc8 14. Kg2 c6 15. dxc6 Rxc6 16. Rxc6 bxc6 17. Nc3 Qc7 18. f4 Rb8 19. Qc2 Nf8 20. e5 f6 21. exf6 Bxf6 22. Rd1 Kg7 23. b3 Ne6 24. Qe4 Nd8 25. Rc1 Qb7 26. Bf3 Rc8 27. Ne2 Nd5 28. Nd4 Qd7 29. Ne2 Nf7 30. Ng3 Nxe3+ 31. Qxe3 Bd4 32. Qe4 c5 33. Ne2 Bf6 34. h3 Nd6 35. Qd5 Qc7 36. b4 c4 37. Nd4 Bxd4 38. Qxd4+ Kh6 39. Bd5 c3 40. Be6 Qc6+ 41. Kh2 Rc7 42. Qe5 Qe4 43. Qxe4 Nxe4 44. Rc2 Kg7 45. Kg2 Kf6 46. Bb3 Nd2 47. Bd5 Kf5 48. Kg3 e5 49. fxe5 Kxe5 50. Bg8 Kd4 51. Kf4 Kd3 52. Rc1 c2 53. a4 Nc4 54. Bd5 Kd2 55. Ra1 c1=Q 56. Rxc1 Kxc1 57. a5 Kd2 58. Ke4 Kc3 59. b5 Nxa5 60. Bg8 Re7+ 61. Kd5 Nc4 62. Kc5 Nb6 63. Kd6 Rg7 64. Be6 Kd4 65. Bg4 Nc4+ 66. Ke6 Ne5 67. Be2 Rb7 68. f4 Nc4 69. Kf6 Rxb5 70. Kg7 Rb7+ 71. Kh6 Re7 72. Bd1 a5 73. h4 Nb2 74. Bc2 Nd3 75. h5 Nxf4 76. Kg5 Nxh5 0-1


[Site "https://www.chess.com"]

[Event "Titled Tuesday Blitz October 11 Early 2022"]
[White "Shuvalov, Evgenij"]
[Black "Podetti, Davide"]
[WhiteFideId "4187237"]
[BlackFideId "893617"]
[WhiteElo "2049"]
[BlackElo "2160"]
[Result "0-1"]
[Round "11"]
[TimeControl "180+1"]
[Date "2022.10.12"]
[WhiteClock "0:00:01"]
[BlackClock "0:00:30"]

1. d4 Nf6 2. c4 e6 3. Nf3 b6 4. g3 Ba6 5. Nbd2 Bb7 6. Bg2 Be7 7. O-O O-O 8. Qc2 c5 9. e4 cxd4 10. Nxd4 Qc8 11. Re1 d6 12. b3 Nbd7 13. Bb2 a6 14. Rac1 Qc7 15. Qb1 Rac8 16. h3 Nc5 17. a4 Rfe8 18. Re3 Nfd7 19. Qa2 Nf6 20. b4 Ncd7 21. a5 bxa5 22. b5 Nc5 23. Bc3 a4 24. Bb4 Nfd7 25. Nb1 Bf6 26. Ne2 Qb6 27. Nbc3 axb5 28. cxb5 Rb8 29. Rb1 Ra8 30. Bf1 Rec8 31. Qa3 Ne5 32. Nf4 g6 33. Be2 Ned7 34. Bf1 Bd4 35. Re2 Ne5 36. Rd1 Kg7 37. Rxd4 Nf3+ 38. Kh1 Nxd4 39. Re1 Nc2 40. Qb2 Nd4 41. Ncd5 Nd3 42. Bxd3 exd5 43. exd5 a3 44. Qa1 Kg8 45. Bxd6 Nf3 46. Bb4 Qxf2 47. Ng2 Qxg3 48. Qe5 Nxe5 0-1


[Site "https://www.chess.com"]

[Event "Titled Tuesday Blitz October 11 Early 2022"]
[White "Shuvalova, Polina"]
[Black "Bortnyk, Olexandr"]
[WhiteFideId "24171760"]
[BlackFideId "14120828"]
[WhiteElo "2392"]
[BlackElo "2723"]
[Result "0-1"]
[Round "11"]
[TimeControl "180+1"]
[Date "2022.10.11"]
[WhiteClock "0:00:14"]
[BlackClock "0:00:08"]

1. d4 d6 2. Nf3 Nf6 3. Bg5 Nbd7 4. Nbd2 c6 5. c3 e5 6. e4 Be7 7. Be2 h6 8. Bh4 O-O 9. O-O Qc7 10. Re1 Re8 11. Qc2 Nf8 12. h3 Ng6 13. Bg3 Nh5 14. Bh2 Nhf4 15. Bf1 Bf6 16. Rad1 Be6 17. dxe5 dxe5 18. Nc4 b5 19. Ne3 a5 20. a4 bxa4 21. Qxa4 Reb8 22. Rd2 Qb6 23. Bc4 Rd8 24. Red1 Rxd2 25. Rxd2 Rd8 26. Qd1 Rxd2 27. Qxd2 Bxc4 28. Nxc4 Qb5 29. Bxf4 Qxc4 30. Be3 Qxe4 31. Ne1 a4 32. Nd3 Nh4 33. Ne1 Nf5 34. Nd3 Be7 35. Bc5 Bg5 36. Qd1 Qd5 37. f3 Be3+ 38. Bxe3 Nxe3 39. Qe2 Nc4 40. Kh1 Qb5 41. Qc2 c5 42. Qf2 Nxb2 43. Nxb2 a3 44. Nd1 Qb1 45. Qxc5 a2 46. Kh2 a1=Q 0-1


[Site "https://www.chess.com"]

[Event "Titled Tuesday Blitz October 11 Early 2022"]
[White "Shvedova, Alexandra"]
[Black "Carrasco Miranda, Andres"]
[WhiteFideId "54154782"]
[BlackFideId "3405990"]
[WhiteElo "2090"]
[BlackElo "2183"]
[Result "1-0"]
[Round "11"]
[TimeControl "180+1"]
[Date "2022.10.12"]
[WhiteClock "0:02:05"]
[BlackClock "0:00:59"]

1. Nf3 Nf6 2. g3 g6 3. Bg2 Bg7 4. O-O O-O 5. d4 d5 6. c4 c6 7. b3 Bf5 8. Bb2 a5 9. Nc3 Ne4 10. Rc1 Nxc3 11. Bxc3 Be4 12. e3 Nd7 13. Bh3 Bxf3 14. Qxf3 e6 15. Qe2 a4 16. Bg2 axb3 17. axb3 Qb6 18. Rb1 Ra3 19. Qb2 Rfa8 20. c5 Qa6 21. Ra1 Rxa1 22. Rxa1 Qxa1+ 23. Qxa1 Rxa1+ 24. Bxa1 e5 25. Bh3 f5 26. b4 exd4 27. exd4 b6 28. b5 bxc5 29. bxc6 Nb6 30. dxc5 Nc8 31. Bxg7 Kxg7 32. Bg2 d4 33. c7 Kf6 34. Bb7 d3 35. Kf1 d2 36. Ke2 Ne7 37. c8=Q Nxc8 38. Bxc8 1-0


[Site "https://www.chess.com"]

[Event "Titled Tuesday Blitz October 11 Early 2022"]
[White "Silva, Pedro Gil Ferreira Da"]
[Black "Martin Carmona, Gaston Manuel"]
[WhiteFideId "1946102"]
[BlackFideId "22284567"]
[WhiteElo "2170"]
[BlackElo "2235"]
[Result "1/2-1/2"]
[Round "11"]
[TimeControl "180+1"]
[Date "2022.10.12"]
[WhiteClock "0:00:19"]
[BlackClock "0:00:02"]

1. e4 e5 2. Nf3 Nc6 3. Nc3 Nf6 4. Bb5 Nd4 5. Bc4 Bc5 6. d3 d6 7. Nxd4 Bxd4 8. Ne2 Bb6 9. Ng3 c6 10. c3 O-O 11. Bb3 d5 12. Bg5 h6 13. Bxf6 Qxf6 14. O-O dxe4 15. Nxe4 Qg6 16. Qf3 Bg4 17. Qg3 Rad8 18. Rae1 Bf5 19. Qxe5 Rxd3 20. Ng3 Rxg3 21. hxg3 Bd3 22. Qe7 Bxf1 23. Rxf1 Qxg3 24. Qxb7 Qg6 25. a4 h5 26. a5 Bc5 27. Ba4 h4 28. Qxc6 Qg5 29. Qf3 Bd6 30. b4 Qe5 31. g3 hxg3 32. fxg3 Qxg3+ 33. Qxg3 Bxg3 34. Rd1 Be5 35. Rd3 Rc8 36. Rd7 Bxc3 37. Bb3 Bxb4 38. Rxf7 Kh7 39. a6 Rc3 40. Bd5 Bc5+ 41. Kg2 Bb6 42. Rf3 Rc2+ 43. Kh3 Rc5 44. Bb7 Kh6 45. Rd3 Ra5 46. Rd6+ Kh7 47. Be4+ Kg8 48. Bd5+ Kf8 49. Bb7 Ke7 50. Rd3 g5 51. Kg4 Kf6 52. Rd6+ Ke5 53. Rd1 Kf6 54. Rd6+ Ke5 55. Rd1 Be3 56. Re1 Kd4 57. Rd1+ Kc3 58. Rd5 Ra4+ 59. Kf3 Bd2 60. Rc5+ Kb2 61. Rd5 Kc2 62. Rc5+ Kd1 63. Rd5 Rf4+ 64. Kg3 Rf1 65. Rd7 Rg1+ 66. Kf3 g4+ 67. Ke4 Re1+ 68. Kd3 Re3+ 69. Kc4 Rc3+ 70. Kb5 g3 71. Bf3+ Ke1 72. Rxa7 Rxf3 73. Re7+ Be3 74. a7 Rf5+ 75. Kc6 Ra5 76. Rxe3+ Kf2 77. Re7 g2 78. Rg7 Ra3 79. Rxg2+ Kxg2 80. Kb7 Rxa7+ 81. Kxa7 1/2-1/2


[Site "https://www.chess.com"]